 Dungeon Crawl Stone Soup version 0.28-a0-511-gcc94558de3 (webtiles) character file.

Game seed: 16407433434828974230

18 jasper the Chopper (level 2, -1/24 HPs)
             Began as a Demonspawn Cinder Acolyte on Sept 22, 2021.
             Was a High Priest of Ignis.
             Slain by a quokka (2 damage)
             ... on level 1 of the Dungeon.
             The game lasted 00:01:05 (660 turns).

jasper the Chopper (Demonspawn Cinder Acolyte)       Turns: 660, Time: 00:01:06

Health: -1/24      AC:  3    Str: 14    XL:     2   Next: 51%
Magic:  3/3        EV: 11    Int: 15    God:    Ignis [*****.]
Gold:   21         SH:  0    Dex:  8    Spells: 3/3 levels left

rFire   + . .      SeeInvis .   a - -1 hand axe (flame)
rCold   . . .      Faith    .   (no shield)
rNeg    . . .      Spirit   .   b - +0 robe
rPois   .          Reflect  .   d - +0 helmet
rElec   .          Harm     .   (no cloak)
rCorr   .          Rampage  .   (no gloves)
Will    .....                   (no boots)
Stlth   +.........              (no amulet)
HPRegen 0.08/turn               (no ring)
MPRegen 0.16/turn               (no ring)

@: no status effects
A: magic regeneration
a: Renounce Religion, Sea of Fire, Foxfire Swarm, Rising Flame


You were on level 1 of the Dungeon.
You worshipped Ignis.
Ignis was extremely pleased with you.
You visited 1 branch of the dungeon, and saw 1 of its levels.

You collected 21 gold pieces.

Inventory:

Hand Weapons
 a - a -1 hand axe of flaming (weapon)
Missiles
 c - 14 stones (quivered)
Armour
 b - a +0 robe (worn)
 d - a +0 helmet (worn)
Potions
 e - a potion of resistance {unknown}
 f - 2 potions of ambrosia {unknown}


   Skills:
 - Level 3.0 Fighting
 + Level 3.5 Axes
 - Level 1.0 Spellcasting
 - Level 2.6 Fire Magic


You had 3 spell levels left.
You didn't know any spells.
Your spell library contained the following spells:

 Spells                   Type           Power      Damage    Failure   Level
 Scorch                   Fire           16%        2d5       12%         2


Dungeon Overview and Level Annotations

Branches:
Dungeon (1/15)

Altars:


Innate Abilities, Weirdness & Mutations

You regenerate magic rapidly.


Message History

A quokka comes into view.
You regained 4 hp, and now have 10/24 hp.
A quokka is nearby!
You start resting.
A quokka is nearby!
Throw: 16 stones
Press: ? - help, Q - select action Shift-Dir - straight line, f - quokka
Aim: a quokka (wandering, hasn't noticed you, 41% to hit)
You throw a stone.
The stone hits the quokka but does no damage.
Throw: 15 stones
Press: ? - help, Q - select action Shift-Dir - straight line, f/p - quokka
Aim: a quokka (41% to hit)
You throw a stone. The stone closely misses the quokka.
You barely miss the quokka. The quokka closely misses you.
You barely miss the quokka. The quokka bites you.
You take 2 damage, and have 9/24 hp.
You miss the quokka. The quokka completely misses you.
You closely miss the quokka. The quokka bites you.
The quokka barely misses you.
You take 1 damage, and have 8/24 hp.
You hit the quokka but do no damage. The quokka bites you.
* * * LOW HITPOINT WARNING * * *
You take 2 damage, and have 6/24 hp.
You closely miss the quokka. The quokka bites you.
* * * LOW HITPOINT WARNING * * *
The quokka bites you but does no damage.
You take 3 damage, and have 3/24 hp.
You closely miss the quokka. The quokka bites you.
* * * LOW HITPOINT WARNING * * *
You take 1 damage, and have 2/24 hp.
You miss the quokka. The quokka closely misses you.
You hit the quokka but do no damage. The quokka bites you.
* * * LOW HITPOINT WARNING * * *
The quokka barely misses you.
You take 1 damage, and have 1/24 hp.
Fires begin to smoulder around you! The quokka barely misses you. x2
The fire ignites! x21; You smother the flame.
The fire ignites! x12
You closely miss the quokka. The quokka bites you.
You die...

#.# #..... #.# .. #.#### #.# #.
#†# #.# #. #.# #.##### #. ##.#
#.....######## #. ##.#.#
#.........§§§########.##.###.#
##.#.#.#§####§§§§§§§§§.#†## #.#
#.......§§§§§.r@§§§§#...#######.
#..#.#.#§####§§####§#.##.#...#.#
#..#.....####§§# # ##.....##
#......†....§§§.. #.......
#.####.########### #.....## #.
#.# ##...## #.# # #####
##)###.... #..)...#


You could see a quokka.

Vanquished Creatures
  A dart slug (D:1)
  3 ball pythons (D:1)
  An endoplasm (D:1)
  4 goblins (D:1)
  2 jackals (D:1)
  3 bats (D:1)
  2 frilled lizards (D:1)
16 creatures vanquished.

Vanquished Creatures (others)
  2 foxfires (D:1)
  4 toadstools (D:1)
6 creatures vanquished.

Grand Total: 22 creatures vanquished

Notes
Turn   | Place    | Note
-------+----------+-------------------------------------------
     0 | D:1      | jasper the Demonspawn Cinder Acolyte began the quest for
                  | the Orb.
     0 | D:1      | Reached XP level 1. HP: 18/18 MP: 2/2
   352 | D:1      | Gained mutation: You regenerate magic rapidly. [demonic
                  | ancestry]
   352 | D:1      | Reached XP level 2. HP: 14/24 MP: 3/3
   655 | D:1      | HP: 1/24 [quokka (1)]
   660 | D:1      | Slain by a quokka

Illustrated notes

Levels and vault maps discovered:
D:1:      ldierk_walled_garden_2, layout_loops_ring, minivault_14

Skill      XL: |  1 |
---------------+----+-----
Axes           | 3 |  3.5
Fighting       | |  3.0
Spellcasting   | |  1.0
Fire Magic     | |  2.6

Action                   || total
-------------------------++-------
Melee: Hand axe          ||    66
Throw: Stone             ||    10
Invok: Sea of Fire       ||     1
       Foxfire Swarm     ||     1
Armor: Robe              ||    27
Dodge: Dodged            ||    46

Table legend: (Time is in decaauts)
 A = Elapsed time spent in this place.
 B = Non-inter-level travel time spent in this place.
 C = Inter-level travel time spent in this place.
 D = Time resting spent in this place.
 E = Time spent auto-exploring this place.
 F = Levels seen in this place.
 G = Mean time per level.
                   A        B        C        D        E       F      G
               +--------+--------+--------+--------+--------+-----+--------+
         Total |    677 |    677 |      0 |     54 |    467 |   1 |  677.0 |
       Dungeon |    677 |    677 |      0 |     54 |    467 |   1 |  677.0 |
               +--------+--------+--------+--------+--------+-----+--------+

Top non-repeatable levels by time:
     D:1: 677 daAuts
